Map: Emerald City LE

Players

Bubler

  • Race: Zerg Zerg
  • League: Master
  • Spawn Location: 5:00

Xelan

  • Race: Terran Terran
  • League: Master
  • Spawn Location: 5:00

LOADBLASTER - Winner!

  • Race: Terran Terran
  • League: Master
  • Spawn Location: 11:00

PureLegacy - Winner!

  • Race: Terran Terran
  • Spawn Location: 11:00

VOD

Have the link to the VOD?

Description

Time

  • Played on: Nov. 26, 2018, 3:29 p.m.
  • Length: 12:09
Show
View Real Time Build Order
Export as new Build Order

Bubler Zerg 

Build Orders: Hatch First 

Get SALT Encoding   

  12  0:02  Drone  
  13  0:13  Overlord  
  13  0:17  Drone  
  14  0:31  Drone x2  
  14  0:35  Drone  
  17  0:52  Hatchery  
  17  0:56  Drone  
  17  1:00  Drone  
  18  1:09  Extractor  
  17  1:15  Spawning Pool  
  17  1:18  Drone  
  17  1:21  Drone  
  18  1:28  Drone  
  19  1:39  Drone  
  20  1:49  Overlord  
  20  2:07  Queen x2  
  24  2:09  Zergling x2  
  24  2:10  Zergling x2  
  24  2:13  Metabolic Boost  
  24  2:15  Drone x2  
  28  2:24  Drone  
  29  2:36  Drone  
  30  2:43  Hatchery  
  29  2:47  Drone, Overlord  
  29  2:51  Drone  
  31  2:53  Drone  
  32  3:02  Zergling x4  
  34  3:07  Queen  
  34  3:11  Overlord  
  36  3:22  Drone x4  
  36  3:23  Drone  
  41  3:38  Drone  
  41  3:39  Drone x4  
  46  3:41  Queen  
  48  3:50  Overlord  
  48  3:56  Drone x2  
  48  3:58  Lair  
  48  4:02  Evolution Chamber  
  49  4:03  Drone  
  49  4:04  Drone, Evolution Chamber  
  49  4:11  Queen  
  51  4:18  Drone x2, Extractor  
  51  4:19  Drone x2, Extractor  
  53  4:30  Baneling Nest  
  52  4:31  Zerg Melee Weapons Level 1  
  52  4:39  Drone  
  52  4:40  Drone x6  
  59  4:51  Zerg Ground Armor Level 1  
  59  4:52  Overlord  
  59  4:53  Overlord  
  59  4:54  Zergling x2  
  59  4:55  Zergling x2  
  59  4:56  Zergling x2  
  59  4:58  Zergling x2  
  63  5:04  Zergling x6  
  66  5:11  Overlord  
  66  5:19  Zergling x2  
  66  5:20  Zergling x6  
  66  5:21  Centrifical Hooks  
  70  5:33  Drone, Spine Crawler  
  70  5:34  Drone x4  
  74  5:35  Spine Crawler  
  73  5:43  Spore Crawler  
  73  5:46  Spore Crawler  
  71  5:53  Drone x2  
  71  5:54  Overseer  
  71  5:55  Drone x2  
  71  5:56  Zergling x2  
  76  5:57  Zergling x10  
  76  5:59  Zergling x2  
  76  6:03  Baneling  
  76  6:04  Baneling x5  
  82  6:05  Baneling x2  
  82  6:06  Baneling  
  81  6:13  Zergling x10  
  81  6:16  Baneling  
  81  6:17  Baneling x4  
  86  6:19  Drone x2  
  88  6:26  Zergling x2  
  88  6:27  Zergling x2  
  88  6:29  Zerg Melee Weapons Level 2  
  90  6:34  Overlord x2  
  90  6:35  Overlord  
  90  6:49  Baneling x9  
  90  6:50  Overlord  
  90  6:51  Overlord  
  90  7:05  Burrow  
  90  7:09  Drone x7, Infestation Pit  
  90  7:10  Drone x6, Extractor x2  
  90  7:30  Zergling x2  
  90  7:31  Zergling x18  
  100  7:47  Extractor  
  100  7:48  Overlord x2  
  100  7:50  Hatchery  
  98  7:51  Zerg Ground Armor Level 2  
  98  7:53  Hive  
  98  7:58  Zergling x16  
  101  7:59  Zergling x2  
  105  8:19  Zergling x20  
  101  8:28  Zergling x2  
  101  8:29  Zergling x8  
  101  8:31  Overseer  
  105  8:47  Zergling x8  
  107  8:52  Baneling  
  107  8:53  Baneling x9  
  107  8:54  Hatchery  
  106  9:00  Zergling x22  
  106  9:02  Baneling  
  117  9:04  Drone x2  
  118  9:22  Zergling x2  
  118  9:23  Zergling x10  
  124  9:26  Zerg Melee Weapons Level 3  
  124  9:30  Drone  
  124  9:31  Drone x7, Ultralisk Cavern, Spire  
  132  9:33  Baneling x3  
  132  9:34  Baneling x7  
  130  9:42  Adrenal Glands  
  122  9:50  Zergling x2  
  122  9:51  Zergling x10  
  95  10:04  Zergling x18  
  95  10:05  Zergling x8  
  107  10:07  Baneling  
  107  10:08  Baneling x11  
  107  10:11  Baneling x4  
  107  10:13  Overseer  
  107  10:16  Baneling x3  
  107  10:17  Baneling  
  107  10:31  Chitinous Plating  
  107  10:34  Ultralisk x3  
  97  10:53  Ultralisk x2  
  97  10:54  Zergling x2  
  97  10:55  Zergling x14  
  117  11:03  Swarm Host  
  117  11:04  Pneumatized Carapace  
  102  11:24  Zergling x2  
  102  11:25  Zergling x26  
  113  11:35  Baneling Nest  
  113  11:49  Extractor  
  113  11:51  Spore Crawler, Extractor  
  113  11:52  Spore Crawler  
Show
View Real Time Build Order
Export as new Build Order

Xelan Terran 

Build Orders: Cyclone Opening 

Get SALT Encoding   

  12  0:00  SCV  
  13  0:13  SCV  
  14  0:17  Supply Depot  
  14  0:25  SCV  
  15  0:30  Refinery  
  15  0:39  SCV  
  16  0:44  Barracks  
  16  0:51  SCV  
  16  0:55  Refinery  
  17  1:03  SCV  
  18  1:15  SCV  
  19  1:32  Reaper, Orbital Command  
  20  1:35  Factory  
  20  1:43  Supply Depot  
  20  1:58  SCV  
  21  2:05  Barracks Tech Lab  
  21  2:10  SCV  
  22  2:28  SCV  
  23  2:31  Cyclone  
  26  2:38  Command Center  
  26  2:42  SCV  
  27  2:46  Supply Depot  
  27  2:54  SCV  
  27  2:57  Marine  
  29  3:03  Cyclone  
  31  3:08  SCV  
  32  3:15  Marine  
  32  3:19  Starport  
  33  3:20  SCV  
  34  3:32  SCV  
  34  3:35  Cyclone  
  34  3:36  Barracks Tech Lab  
  37  3:41  Supply Depot  
  37  3:44  SCV  
  38  3:56  SCV  
  39  4:04  Raven  
  39  4:08  SCV, Orbital Command  
  42  4:10  Marine  
  42  4:16  Cyclone  
  46  4:17  Supply Depot  
  46  4:20  SCV  
  48  4:32  SCV  
  48  4:34  Barracks Reactor  
  48  4:35  SCV  
  49  4:45  SCV  
  50  4:47  Refinery  
  50  4:48  SCV  
  50  4:49  Siege Tank  
  54  4:57  SCV  
  55  5:00  Barracks, SCV  
  55  5:01  Barracks  
  55  5:06  Supply Depot  
  56  5:09  SCV  
  56  5:12  SCV  
  60  5:20  Supply Depot  
  60  5:21  Starport Reactor, SCV  
  59  5:22  Marine, Siege Tank  
  59  5:23  Stimpack  
  59  5:24  SCV  
  59  5:27  Refinery  
  64  5:33  SCV  
  65  5:36  SCV  
  65  5:40  Marine  
  67  5:45  SCV  
  67  5:48  Engineering Bay x2, SCV  
  69  5:52  Barracks Reactor  
  69  5:56  Siege Tank  
  72  5:57  Marine, SCV  
  72  6:00  Engineering Bay  
  74  6:05  Medivac x2, Marine x2  
  74  6:08  SCV  
  78  6:14  Barracks Reactor  
  78  6:15  Marine  
  79  6:20  SCV  
  79  6:21  SCV  
  79  6:23  Marine x2  
  83  6:28  Siege Tank  
  86  6:32  Supply Depot  
  86  6:34  Supply Depot  
  86  6:42  Supply Depot  
  86  6:43  SCV  
  86  6:44  Marine  
  86  6:47  Marine  
  86  6:49  Marine  
  81  6:58  Barracks Reactor  
  81  6:59  Medivac x2  
  84  7:02  Marine  
  84  7:05  SCV x2  
  84  7:07  Marine  
  88  7:08  Supply Depot  
  88  7:09  Supply Depot  
  88  7:11  Barracks, Command Center  
  88  7:12  Barracks  
  88  7:17  Marine  
  88  7:19  Marine  
  90  7:25  Marine  
  89  7:32  Medivac  
  89  7:33  Medivac  
  89  7:35  Marine, Combat Shield  
  94  7:37  Marine  
  94  7:40  Marine x2  
  94  7:43  Marine  
  98  7:45  Siege Tank  
  101  7:53  Marine  
  101  7:55  Terran Infantry Armor Level 1, Terran Infantry Weapons Level 1, Marine  
  101  7:57  Marine  
  104  7:59  Supply Depot  
  104  8:00  Supply Depot  
  104  8:01  Marauder  
  104  8:02  Barracks Reactor  
  104  8:03  Barracks Tech Lab  
  98  8:19  Marine  
  96  8:20  Marine x3  
  96  8:21  Siege Tank  
  96  8:22  Marine, Concussive Shells  
  99  8:29  Marine  
  99  8:31  Armory  
  100  8:37  Marine x4  
  100  8:40  Marauder  
  106  8:53  Marine x3, Siege Tank  
  106  8:55  Marine  
  113  8:57  Marine x2  
  113  8:58  Marine  
  113  9:01  Marine  
  117  9:03  Medivac x2  
  121  9:11  Supply Depot, Marine x2, Marauder  
  121  9:12  Marine  
  125  9:18  Marine  
  125  9:20  Marauder  
  125  9:21  Marine x2  
  122  9:28  Marine  
  122  9:29  Marine  
  122  9:30  Marine  
  123  9:32  Marine  
  123  9:36  Marine  
  118  9:38  Marine  
  118  9:39  Marine  
  118  9:40  Marine  
  113  9:46  Marine x2  
  113  9:48  Marine  
  113  9:50  Marine  
  113  9:51  Siege Tank  
  116  9:54  Marine  
  116  9:56  Marine x2  
  116  9:58  Marine  
  120  10:04  Marine x2  
  120  10:06  Marine  
  123  10:08  Marine  
  124  10:16  Marine x2  
  124  10:17  Marine, Marauder  
  129  10:23  Siege Tank  
  129  10:24  Medivac  
  129  10:26  Marauder  
  136  10:30  Command Center  
  136  10:31  Marine x2  
  136  10:32  Marine  
  136  10:34  Marine x3  
  142  10:43  Marine  
  142  10:47  Marine  
  142  10:49  Marine x2  
  146  10:52  Marine x3  
  146  10:53  Marine  
  150  11:09  Marine  
  150  11:12  Marine x2  
  150  11:14  Marine x2  
  150  11:19  Marauder  
  150  11:21  Medivac x2  
  150  11:25  Marine x2  
  150  11:35  Command Center  
  150  11:48  Marine x4  
Show
View Real Time Build Order
Export as new Build Order

LOADBLASTER Terran - Winner!

Build Orders: Hellion Opening 

Get SALT Encoding   

  12  0:00  SCV  
  13  0:12  SCV  
  14  0:17  Supply Depot  
  14  0:25  SCV  
  15  0:39  SCV  
  15  0:41  Barracks  
  16  0:46  Refinery  
  16  0:51  SCV  
  17  1:03  SCV  
  18  1:15  SCV  
  19  1:28  Marine  
  19  1:29  Orbital Command  
  20  1:46  Command Center  
  20  1:57  Factory  
  20  2:00  SCV  
  21  2:08  Barracks Reactor  
  21  2:12  Supply Depot  
  21  2:13  SCV  
  22  2:22  Refinery  
  22  2:25  SCV  
  23  2:37  SCV  
  23  2:43  Factory  
  24  2:49  SCV  
  24  2:50  Hellion  
  24  2:51  Hellion, Barracks Tech Lab  
  28  2:59  Orbital Command  
  28  3:02  SCV  
  29  3:12  Hellion x2  
  33  3:16  SCV  
  34  3:26  SCV  
  35  3:28  SCV  
  35  3:32  Infernal Pre-Igniter  
  35  3:34  Hellion  
  38  3:38  Hellion, SCV  
  41  3:43  SCV  
  41  3:46  Cyclone  
  45  3:51  SCV  
  45  3:53  Supply Depot  
  46  3:58  Supply Depot  
  46  4:14  Hellion, SCV x2  
  46  4:15  Supply Depot  
  50  4:18  Cyclone  
  50  4:19  Factory, Barracks Tech Lab  
  50  4:24  Hellion  
  55  4:26  SCV x2  
  57  4:32  Supply Depot  
  57  4:36  Hellion  
  59  4:38  SCV x2  
  61  4:48  Hellion  
  61  4:50  Cyclone, SCV  
  61  4:51  SCV  
  68  4:55  Supply Depot, Mag-Field Accelerator  
  68  5:03  SCV x2  
  70  5:12  Command Center  
  70  5:15  Cyclone  
  70  5:17  Refinery x2  
  70  5:19  SCV  
  70  5:21  SCV  
  75  5:26  Supply Depot  
  75  5:30  Cyclone  
  75  5:31  Hellion  
  75  5:33  SCV  
  81  5:39  SCV  
  81  5:41  Hellion  
  84  5:43  Supply Depot  
  84  5:44  Supply Depot  
  84  5:45  SCV  
  84  5:49  Cyclone  
  88  5:51  SCV  
  88  5:55  Supply Depot  
  89  6:01  SCV  
  89  6:02  Cyclone  
  93  6:07  Hellion  
  93  6:08  SCV  
  96  6:21  Factory x2  
  96  6:22  Supply Depot  
  96  6:31  Engineering Bay, SCV x2  
  98  6:34  Cyclone  
  98  6:38  Refinery  
  101  6:40  Cyclone  
  101  6:43  SCV x2  
  101  6:44  Refinery  
  106  6:55  Command Center  
  106  6:59  Orbital Command  
  106  7:03  SCV x2  
  106  7:06  Factory Reactor, Factory Tech Lab  
  108  7:15  SCV x2  
  88  7:23  Cyclone  
  88  7:24  Cyclone, Hellion  
  88  7:25  SCV  
  88  7:27  SCV  
  88  7:29  Hellion  
  98  7:30  SCV  
  98  7:34  Cyclone  
  102  7:37  SCV  
  102  7:39  SCV  
  102  7:42  SCV  
  102  7:46  Barracks  
  102  7:49  SCV  
  102  7:50  Hellion  
  106  7:51  SCV  
  106  7:53  Hellion  
  106  7:54  SCV  
  106  7:58  Cyclone  
  112  8:02  SCV  
  112  8:03  Hellion, SCV  
  116  8:07  Cyclone  
  116  8:10  Cyclone  
  122  8:16  Hellion  
  124  8:30  Cyclone  
  124  8:33  Hellion  
  129  8:39  Cyclone, Factory  
  129  8:40  Factory x3  
  132  8:43  Cyclone  
  132  8:47  Planetary Fortress  
  132  8:48  SCV x2  
  137  8:52  SCV  
  138  8:56  Hellion  
  138  9:00  SCV  
  138  9:02  Cyclone  
  144  9:03  SCV  
  145  9:10  Hellion  
  145  9:11  Cyclone  
  145  9:12  SCV  
  145  9:14  Supply Depot  
  145  9:15  Cyclone, Hellion  
  145  9:16  Supply Depot  
  156  9:23  SCV x2  
  155  9:24  SCV  
  155  9:25  Factory Tech Lab x2  
  155  9:26  Factory Reactor  
  155  9:27  Factory Reactor  
  156  9:33  SCV  
  156  9:35  SCV x2  
  156  9:36  Cyclone, SCV  
  157  9:43  Cyclone  
  157  9:44  Cyclone  
  157  9:45  Hellion  
  163  9:47  SCV x2  
  163  9:51  SCV  
  148  9:55  Hellion  
  148  9:56  Hellion  
  148  9:58  Cyclone x2  
  135  10:08  Command Center  
  135  10:10  Cyclone  
  135  10:11  Hellion  
  142  10:14  Hellion  
  142  10:16  Hellion  
  146  10:32  Supply Depot  
  146  10:33  Siege Tank  
  146  10:34  Siege Tank x3  
  148  10:36  SCV x2  
  150  10:44  Hellion, Siege Tank  
  155  10:53  Supply Depot  
  153  11:04  Hellion  
  153  11:05  Siege Tank  
  153  11:06  Cyclone, Siege Tank  
  153  11:07  Hellion, Siege Tank  
  162  11:16  Siege Tank  
  154  11:22  Planetary Fortress  
  141  11:31  Refinery  
  141  11:33  Refinery  
  141  11:37  Hellion  
Show
View Real Time Build Order
Export as new Build Order

PureLegacy Terran - Winner!

Build Orders: Reaper Expand 

Get SALT Encoding   

  12  0:01  SCV  
  13  0:13  SCV  
  14  0:18  Supply Depot  
  14  0:25  SCV  
  15  0:39  SCV  
  15  0:41  Barracks  
  16  0:44  Refinery  
  16  0:51  SCV  
  17  1:04  SCV  
  18  1:16  SCV  
  19  1:28  Reaper  
  19  1:29  Orbital Command  
  20  1:40  Command Center  
  20  1:48  Supply Depot  
  20  1:55  SCV  
  20  2:00  Barracks Reactor  
  21  2:09  SCV  
  21  2:15  Barracks  
  22  2:16  Barracks  
  22  2:21  SCV  
  23  2:27  Supply Depot  
  23  2:33  SCV  
  24  2:40  Marine x2  
  26  2:45  SCV  
  26  2:49  Refinery  
  27  2:54  Orbital Command  
  27  3:01  Marine  
  27  3:02  Marine, Barracks Tech Lab  
  27  3:04  Marine, SCV  
  31  3:16  SCV  
  32  3:20  SCV  
  32  3:26  Marine x2  
  32  3:27  Marine x2  
  35  3:28  SCV  
  35  3:29  Stimpack  
  35  3:32  SCV  
  38  3:36  Factory  
  38  3:42  SCV  
  38  3:44  SCV  
  38  3:45  Marine  
  38  3:46  Marine x3  
  44  3:54  SCV  
  45  3:56  Supply Depot  
  45  3:57  SCV  
  46  4:08  SCV  
  46  4:09  SCV  
  48  4:11  Barracks Reactor, Command Center  
  48  4:20  SCV  
  48  4:21  Factory Reactor, SCV, Starport  
  48  4:24  Marine x3  
  53  4:32  SCV  
  53  4:33  SCV  
  53  4:35  Supply Depot  
  55  4:42  Engineering Bay  
  55  4:43  Engineering Bay  
  55  4:44  SCV  
  56  4:45  SCV  
  57  4:56  SCV  
  57  4:58  SCV  
  57  4:59  Barracks  
  59  5:01  Barracks  
  59  5:05  Refinery x2  
  59  5:06  Medivac  
  59  5:07  Medivac  
  63  5:09  SCV  
  63  5:10  SCV  
  65  5:19  Marine x5  
  70  5:23  SCV x2  
  70  5:24  Orbital Command  
  72  5:29  Terran Infantry Weapons Level 1  
  72  5:32  Terran Infantry Armor Level 1  
  72  5:36  SCV x2  
  72  5:37  Combat Shield  
  72  5:42  Supply Depot  
  74  5:45  Orbital Command  
  74  5:49  SCV x2  
  76  5:55  Sensor Tower, Barracks Reactor  
  76  5:56  Marine x2, Barracks Reactor  
  76  5:57  Marine x3  
  78  5:58  Factory Tech Lab  
  78  6:02  Supply Depot  
  82  6:04  SCV x2  
  82  6:07  Factory  
  83  6:12  SCV  
  83  6:16  SCV  
  85  6:21  SCV  
  85  6:22  Marine x4  
  85  6:23  Siege Tank  
  85  6:24  SCV  
  94  6:25  Refinery  
  94  6:26  Refinery  
  94  6:27  Supply Depot  
  94  6:29  Supply Depot  
  94  6:34  Armory, SCV x2  
  94  6:36  SCV  
  97  6:42  Marine x3  
  97  6:44  Marine x4  
  97  6:45  Marine x2  
  98  7:00  Marine x3  
  94  7:01  SCV x2  
  94  7:04  Siege Tank  
  94  7:05  Factory Tech Lab  
  94  7:06  SCV  
  99  7:08  Marine x3  
  99  7:09  Medivac x2  
  99  7:10  Marine x2  
  99  7:13  SCV  
  99  7:14  SCV  
  110  7:18  SCV  
  110  7:20  Marine  
  112  7:24  Barracks  
  112  7:25  Terran Vehicle Weapons Level 1  
  112  7:27  Barracks, SCV x2  
  114  7:32  Terran Infantry Weapons Level 2, Terran Infantry Armor Level 2  
  114  7:36  Supply Depot  
  114  7:42  Marine x4  
  114  7:43  Supply Depot  
  114  7:44  Supply Depot  
  118  7:48  Medivac x2  
  122  7:55  Marine x3  
  122  7:57  Marine  
  126  8:05  Siege Tank x2  
  129  8:11  Command Center  
  126  8:18  Medivac x2, Marine  
  126  8:19  Marine x3  
  111  8:21  Marine x3, Barracks Tech Lab x2  
  111  8:24  Barracks Reactor x2  
  115  8:30  SCV x3  
  118  8:35  Marine  
  118  8:36  Supply Depot, Marine x3  
  118  8:37  Marine, Siege Tank x2  
  129  8:42  Marine  
  129  8:43  Marine x2  
  129  8:48  Medivac x2  
  136  8:53  Marine x3  
  136  8:54  Marine  
  140  9:00  Supply Depot  
  140  9:01  Supply Depot x2  
  140  9:02  Supply Depot  
  140  9:04  Supply Depot  
  140  9:08  Missile Turret  
  140  9:09  Siege Tank  
  146  9:10  Siege Tank  
  146  9:13  Marine x2  
  146  9:15  Marine x2  
  150  9:22  Marine  
  144  9:26  Sensor Tower  
  144  9:28  Marine x2  
  144  9:29  Marine x4  
  141  9:31  Medivac x2  
  141  9:36  Marine x2  
  141  9:38  Marine x2  
  140  9:39  Marine x2  
  143  9:47  Marine x2  
  143  9:48  Marine  
  143  9:49  Planetary Fortress  
  146  9:55  Barracks  
  146  9:56  SCV x2  
  146  9:57  Barracks, SCV  
  149  10:02  Marine x2  
  149  10:04  Marine, Barracks Reactor  
  152  10:08  SCV  
  152  10:09  SCV x2  
  155  10:20  SCV  
  155  10:21  SCV x2  
  158  10:22  Marine x6  
  158  10:23  Siege Tank  
  158  10:24  Siege Tank  
  172  10:33  SCV x2  
  172  10:35  Marine x3  
  173  10:36  Marine x2  
  161  10:47  Barracks Reactor  
  161  10:48  Refinery x2  
  142  10:50  Marine x2  
  142  10:51  Barracks Tech Lab  
  142  10:55  Marine x4  
  142  10:56  Marine, Barracks Tech Lab  
  142  10:57  Marine x2, Marauder  
  149  11:02  Marine x2  
  155  11:06  Marine  
  155  11:08  Marine x2  
  155  11:10  Siege Tank x2  
  164  11:14  Marine x2  
  164  11:18  Marine x2  
  165  11:20  Marauder x2  
  165  11:21  Marauder, Concussive Shells  
  173  11:27  Marine x2  
  172  11:41  Fusion Core  
  172  11:43  Starport  
  172  11:45  Starport  
  172  11:46  Starport  
  178  11:48  Command Center  
  179  11:55  Command Center  
Tags
 
Add a new tag
Caveats
  • Supply blocks, unpowered buildings, or Contaminate may cause inaccurate times.
  • Supply counts are checked every 10 seconds.